Nobbs, lawful female human Valkyrie -- ---.- |....--- -- ---- . .....--. |..---- -.- ......-- ---.....| -- .. -...... ----.......--- .|..- ---......--..........^.-- ..... |.........................|..| -..G -- -----.................-|..| ..G |.........*......-|--.--- ---.M- |.................| |...| |..G --........--......- ---.--- ---hG- |-!......|----....| |...--|..@.| |.......>- |....| ---..--h..-| --........| ------ |.........| |.........| --.........| --........| |......|.--- |.......-- --..------ -----.--- ---- -- Nobbs the Fighter Experience level: 6 Strength: 18/02 Dexterity: 9 Constitution: 17 Intelligence: 9 Wisdom: 7 Charisma: 12 Health: 0(58) Energy: 14(14) Def: 4 Gold: 0 Moves: 1641 Dungeon seed: gYNHASSqudAqOnf4 Game ID: Nobbs_1509716482 Your Inventory: Amulets k - a cursed amulet of strangulation Weapons a - a +1 long sword (weapon in hand) b - a +0 dagger Armor e - an uncursed +3 small shield (being worn) n - an uncursed +1 cloak of displacement Comestibles c - an uncursed food ration d - an uncursed fortune cookie h - an uncursed candy bar l - an uncursed slime mold Scrolls g - an uncursed scroll of remove curse m - a cursed scroll of confuse monster u - an uncursed scroll of magic mapping v - an uncursed scroll of fire w - an uncursed scroll of charging Potions f - an uncursed potion of paralysis s - a blessed potion of booze t - an uncursed potion of levitation Tools i - an uncursed magic whistle o - a cursed magic lamp p - a magic marker (0:93) r - an uncursed sack x - an uncursed stethoscope Spells and supernatural/magical abilities: Name Level Category Fail Memory W - pray for help -- divine ? -- Your skills at the end: Fighting Skills Weapon Skills dagger [Basic] long sword [Basic] Spellcasting Skills Final Attributes: You were piously aligned. You were cold resistant. You were stealthy. You were lucky. You are dead. Vanquished creatures: 8 gnome lords 2 gnomish wizards a kitten a dwarf 3 rothes 2 dwarf zombies 2 hobbits 34 gnomes 2 jackals a fox 3 kobolds 3 goblins a grid bug 2 kobold zombies 2 newts 67 creatures vanquished. Voluntary challenges: You were an atheist. You used a wielded weapon 67 times, starting on turn 39. You read items or engraved 16 times, starting on turn 1239. You never genocided any monsters. You never polymorphed an object. You never changed form. You used no wishes. You never split a pudding. You wrote Elbereth's name 12 times, starting on turn 1239. You never violated your personal moral code. Dungeon overview: The Dungeons of Doom: levels 1 to 2 Level 1 a long staircase Level 2 stairs to The Gnomish Mines The Gnomish Mines: levels 3 to 10 Level 3 stairs to The Dungeons of Doom Level 4 Level 5 Level 6 some shops, a temple to Tyr, some fountains, a tree Level 7 Level 9 <- You were here Level 10 History has recorded: On T:1 you entered the Dungeons of Doom to retrieve the Amulet of Yendor! On T:287 you advanced to experience level 2. On T:319 you reached level 2 of The Dungeons of Doom. On T:407 you reached level 1 of The Gnomish Mines. On T:408 you advanced to experience level 3. On T:536 you advanced to experience level 4. On T:643 you reached level 2 of The Gnomish Mines. On T:709 you reached level 4 of The Gnomish Mines. On T:721 you advanced to experience level 5. On T:841 you reached level 3 of The Gnomish Mines. On T:1121 you reached level 5 of The Gnomish Mines. On T:1124 you advanced to experience level 6. On T:1422 you reached level 8 of The Gnomish Mines. On T:1601 you reached level 7 of The Gnomish Mines. Score breakdown: Gold: 0 ( 0 points) Experience: 6 levels (12456 points) Exploration: 10 levels ( 22.22%) (13568 points) Discoveries: 6 items ( 2.44%) ( 4685 points) Valuables value: (no points given unless you survive) Artifact value: 0 ( 0 points) Variety of kills: 15 monsters ( 3.94%) ( 5952 points) Turncount: 1641 turns ( 0 points) Survival: died (score multiplied by 80%) Total score: 29328 Latest messages: You miss the human mummy. The human mummy hits! (2x) You miss the human mummy. The human mummy hits! (2x) You write in the dust with your fingers. The human mummy turns to flee! You kill the gnome! You add to the writing in the dust with your fingers. The gnome lord turns to flee! You hit the gnome lord! (2x) The gnome lord hurls a yellow potion! The jar crashes on your head and breaks into shards. Something seems to be holding you. The gnome lord hits! (3x) You die... The sack is empty. The sack is empty. Final status: Farvel Nobbs the Valkyrie, killed by a gnome lord, while frozen by potion vapours... You died in The Gnomish Mines on dungeon level 9 with 29328 points, and 0 pieces of gold, after 1641 moves. You were level 6 with a maximum of 58 hit points when you died.